 Dungeon Crawl Stone Soup version 0.28.0-43-g3370ac3207 (webtiles) character file.

Game seed: 6679337685098207578

4553 Araneus the Basher (level 10, -5/70 HPs)
             Began as a Demonspawn Fighter on Mar 15, 2022.
             Was an Elder of Okawaru.
             Slain by a killer bee (8 damage)
             ... on level 10 of the Dungeon.
             The game lasted 00:18:35 (12600 turns).

Araneus the Basher (Demonspawn Fighter)            Turns: 12600, Time: 00:18:36

Health: -5/70      AC: 12    Str: 20    XL:     10   Next: 17%
Magic:  15/15      EV:  6    Int: 13    God:    Okawaru [****..]
Gold:   710        SH:  9    Dex: 13    Spells: 9/9 levels left

rFire   + . .      SeeInvis .   d - +8 mace "Mier" {drain, Drain Will+ rCorr Int+3}
rCold   + . .      Faith    .   n - +0 kite shield
rNeg    + . .      Spirit   .   t - +2 chain mail {rC+}
rPois   .          Reflect  .   (helmet restricted)
rElec   .          Harm     .   (no cloak)
rCorr   +          Rampage  .   (no gloves)
Will    +....      Clarity  +   (no boots)
Stlth   ..........              (no amulet)
HPRegen 0.21/turn               g - ring of positive energy
MPRegen 0.14/turn               s - ring of protection from fire

@: lethally poisoned (-5 -> -18), about to teleport
A: horns 2, powered by pain 1, weakness stinger 1, demonic touch 2, hooves 1,
clarity, passive freeze
a: Renounce Religion, Heroism, Finesse


You were on level 10 of the Dungeon.
You worshipped Okawaru.
Okawaru was greatly pleased with you.
You visited 2 branches of the dungeon, and saw 11 of its levels.
You also visited: Ossuary.

You collected 776 gold pieces.
You spent 66 gold pieces at shops.

Inventory:

Hand Weapons
 d - the +8 mace "Mier" (weapon) {drain, Drain Will+ rCorr Int+3}
   (You found it on level 4 of the Dungeon)

   A truly terrible weapon, it drains the life of any living foe it strikes.
   Int:       It affects your intelligence (+3).
   rCorr:     It protects you from acid and corrosion.
   Drain:     It drains your maximum health when unequipped.
   Will:      It increases your willpower.
Missiles
 y - a throwing net (quivered)
Armour
 n - a +0 kite shield (worn)
 t - a +2 chain mail of cold resistance (worn)
Jewellery
 a - a ring of protection from cold
 g - a ring of positive energy (left hand)
 s - a ring of protection from fire (right hand)
 x - a ring of willpower
 D - an amulet of magic regeneration
 F - a ring of ice
Wands
 l - a wand of flame (14)
Scrolls
 b - 3 scrolls of noise
 c - 8 scrolls of identify
 i - 4 scrolls of immolation
 o - 2 scrolls of vulnerability {unknown}
 q - 2 scrolls of enchant armour {unknown}
 v - a scroll of holy word {unknown}
 w - a scroll of fear {unknown}
Potions
 e - 8 potions of curing {unknown}
 h - 3 potions of heal wounds
 j - a potion of flight {unknown}
 k - 3 potions of attraction {unknown}
 p - 2 potions of mutation
 r - a potion of might
 u - a potion of experience {unknown}
 z - 2 potions of ambrosia {unknown}
 A - 3 potions of degeneration {unknown}
 B - a potion of invisibility {unknown}
 C - a potion of brilliance {unknown}
 E - a potion of cancellation {unknown}


   Skills:
 - Level 3.0 Fighting
 + Level 10.6 Maces & Flails
 + Level 6.3 Armour
 + Level 5.2 Shields
 * Level 6.9 Invocations


You had 9 spell levels left.
You didn't know any spells.
Your spell library contained the following spells:

 Spells                   Type           Power      Damage    Failure   Level
 Blink                    Tloc           0%         N/A       100%        2
 Ensorcelled Hibernation  Hex/Ice        0%         N/A       100%        2
 Passwall                 Tmut/Erth      0%         N/A       100%        2
 Lesser Beckoning         Tloc           0%         N/A       100%        3
 Spider Form              Tmut/Pois      0%         N/A       100%        3
 Anguish                  Hex/Necr       0%         N/A       100%        4
 Lee's Rapid Deconstruct  Erth           0%         3d5*      100%        5
 Manifold Assault         Tloc           0%         N/A       100%        5
 Enfeeble                 Hex            0%         N/A       100%        7
 Ozocubu's Refrigeration  Ice            0%         4d5       100%        7
 Tukima's Dance           Hex            Unusable   N/A       N/A         3

Dungeon Overview and Level Annotations

Branches:
Dungeon (10/15)            Temple (1/1) D:4         Ossuary (visited)
   Lair: D:8-11         Orc: D:9-12

Altars:
Ashenzari
Cheibriados
Dithmenos
Elyvilon
Fedhas
Gozag
Hepliaklqana
Kikubaaqudgha
Makhleb
Nemelex Xobeh
Okawaru
Qazlal
Ru
Sif Muna
Trog
Uskayaw
Vehumet
Wu Jian
Xom
Yredelemnul
Zin
The Shining One

Shops:
D:5 ?


Innate Abilities, Weirdness & Mutations

You have a pair of horns on your head.
You sometimes gain a little power by taking damage.
You have a small tail.
Your touch may inflict irresistible damage on your foes.
You have large cloven feet.
You possess an exceptional clarity of mind.
A frigid envelope surrounds you and freezes all who hurt you.


Message History

You feel very sick.
The hound barks!
The killer bee barely misses you. x2; The killer bee stings you!
* * * LOW HITPOINT WARNING * * *
You are lethally poisoned!
The killer bee poisons you! The killer bee stings you.
* * * LOW HITPOINT WARNING * * *
As you read the scroll of teleportation, it crumbles to dust.
You feel strangely unstable.
* * * LOW HITPOINT WARNING * * *
You feel very sick. You block the killer bee's attack.
The killer bee stings you but does no damage. x2
The killer bee barely misses you.
Welcome back, Araneus the Demonspawn Fighter.
Okawaru says: Bring me glory in combat!
Press ? for a list of commands and other information.
You thump the killer bee! Your headbutt misses the killer bee.
The killer bee is almost dead.
* * * LOW HITPOINT WARNING * * *
You feel very sick.
The hound's inner flame fades away.
The killer bee stings you but does no damage. x2
The killer bee closely misses you.
The killer bee stings you but does no damage.
It was a potion of mutation.
You feel extremely strange.
Your thoughts seem clearer.
Your feet thicken and deform.
Your skin feels very cold.
* * * LOW HITPOINT WARNING * * *
You feel very sick. You block the killer bee's attack.
The killer bee stings you but does no damage.
The killer bee is very cold.
The killer bee is heavily wounded.
The killer bee stings you but does no damage.
The killer bee is very cold.
You kill the killer bee!
Okawaru accepts your kill.
You can now speed up your combat.
The killer bee stings you!
You die...

##### ###
##...###.# ###
##y.......##..#
#@†h$.........#
###h..........##
#.............#
##..............#
#........###.#.....
#........# ###.....
......#...>. ....#
#........##.. ....
##.......# .## ...#


You could see 2 hounds and a killer bee.

Vanquished Creatures
  A troll (D:9)
  Prince Ribbit (D:9)
  Grinder (D:4)
  Sigmund (D:3)
  A steam dragon (D:8)
  Menkaure (D:4)
  Duvessa (D:4)
  2 water moccasins (D:5)
  An orc warrior (D:7)
  2 sky beasts (D:6)
  An ice beast (D:8)
  4 centaurs
  2 ogres
  A phantom (D:6)
  5 bullfrogs
  2 kobold brigands
  2 gnoll sergeants (D:9)
  2 scorpions
  Dowan (D:4)
  3 killer bees (D:10)
  5 wights (D:8)
  3 howler monkeys
  3 jellies
  2 centaur zombies (D:7)
  2 hounds
  Crazy Yiuf (D:4)
  2 centaur skeletons (D:7)
  3 gnoll shamans
  2 orc priests
  A bullfrog skeleton (D:7)
  5 iguanas
  An orc wizard (D:6)
  2 killer bee zombies
  8 mummies (Ossuary)
  A howler monkey zombie (D:6)
  A howler monkey skeleton (D:5)
  21 gnolls
  2 adders (D:2)
  A shadow imp (D:5)
  2 worms
  2 dart slugs
  25 orcs
  11 ball pythons
  14 endoplasms
  4 giant cockroaches
  8 goblins
  5 hobgoblins
  3 jackals (D:2)
  6 quokkas
  3 bats (D:1)
  2 frilled lizards
  2 gnoll zombies (Ossuary)
  15 kobolds
  3 kobold zombies (Ossuary)
  3 orc zombies (Ossuary)
  7 rats
216 creatures vanquished.

Notes
Turn   | Place    | Note
-------+----------+-------------------------------------------
     0 | D:1      | Araneus the Demonspawn Fighter began the quest for the Orb.
     0 | D:1      | Reached XP level 1. HP: 18/18 MP: 1/1
    39 | D:1      | Found a faded altar of an unknown god.
    42 | D:1      | Reached skill level 2 in Maces & Flails
   380 | D:1      | Discovered your monstrous ancestry.
   380 | D:1      | Gained mutation: Your touch may inflict minor irresistible
                  | damage on your foes. [demonic ancestry]
   380 | D:1      | Reached XP level 2. HP: 24/24 MP: 2/2
   654 | D:1      | Reached skill level 3 in Maces & Flails
  1092 | D:1      | Reached XP level 3. HP: 28/29 MP: 3/3
  2353 | D:2      | Reached skill level 4 in Maces & Flails
  2353 | D:2      | Gained mutation: You have a pair of small horns on your
                  | head. [demonic ancestry]
  2353 | D:2      | Reached XP level 4. HP: 25/35 MP: 4/4
  2941 | D:3      | Found a snail-covered altar of Cheibriados.
  3489 | D:3      | Noticed Sigmund
  3495 | D:3      | Killed Sigmund
  3496 | D:3      | Reached skill level 5 in Maces & Flails
  3496 | D:3      | Reached XP level 5. HP: 41/41 MP: 5/5
  3794 | D:4      | Noticed Menkaure
  3806 | D:4      | Killed Menkaure
  3807 | D:4      | Reached skill level 6 in Maces & Flails
  3807 | D:4      | Gained mutation: You sometimes gain a little power by
                  | taking damage. [demonic ancestry]
  3807 | D:4      | Reached XP level 6. HP: 16/47 MP: 6/6
  4096 | D:4      | Got the Volume of the Ashen Snowflakes
  4107 | D:4      | Noticed Dowan
  4114 | D:4      | Noticed Duvessa
  4179 | D:4      | Found a runed translucent door.
  4184 | D:4      | Noticed Crazy Yiuf
  4186 | D:4      | Identified the +4 mace "Ezea" {drain, Dex+2}
  4192 | D:4      | Identified the +8 mace of Wrongful Imprisonment {freeze,
                  | rElec rC- Dex+9}
  4202 | D:4      | Killed Crazy Yiuf
  4352 | D:4      | Identified the +8 mace "Mier" {drain, Drain Will+ rCorr
                  | Int+3}
  4380 | D:4      | Killed Dowan
  4465 | D:4      | Killed Duvessa
  4466 | D:4      | Reached skill level 7 in Maces & Flails
  4466 | D:4      | Gained mutation: Your touch may inflict irresistible damage
                  | on your foes. [demonic ancestry]
  4466 | D:4      | Reached XP level 7. HP: 32/52 MP: 7/7
  4787 | D:4      | Found a staircase to the Ecumenical Temple.
  4806 | Temple   | Entered the Ecumenical Temple
  4984 | Temple   | Became a worshipper of Warmaster Okawaru
  5423 | D:4      | Noticed Grinder
  5436 | D:4      | Killed Grinder
  5437 | D:4      | Reached skill level 8 in Maces & Flails
  5750 | D:4      | Reached * piety under Okawaru
  5751 | D:4      | Reached skill level 1 in Invocations
  6097 | D:5      | Entered Level 5 of the Dungeon
  6153 | D:5      | Gained mutation: You have a pair of horns on your head.
                  | [demonic ancestry]
  6153 | D:5      | Reached XP level 8. HP: 23/58 MP: 9/9
  6827 | D:5      | Found Fepasket's Magic Scroll Shop.
  6835 | D:5      | Bought a scroll of identify for 24 gold pieces
  6835 | D:5      | Bought a scroll of magic mapping for 42 gold pieces
  7205 | D:5      | Reached skill level 9 in Maces & Flails
  7886 | D:6      | Reached ** piety under Okawaru
  8391 | D:7      | Reached XP level 9. HP: 63/63 MP: 12/12
  8452 | D:7      | Found a sand-covered staircase.
  8464 | Ossuary  | Entered an ossuary
  9021 | D:7      | Reached skill level 5 in Invocations
  9160 | D:7      | Reached skill level 10 in Maces & Flails
  9324 | D:7      | Reached skill level 5 in Armour
 10081 | D:8      | Reached *** piety under Okawaru
 10980 | D:9      | Noticed a troll
 10987 | D:9      | Killed a troll
 11290 | D:9      | Gained mutation: You have a small tail. [demonic ancestry]
 11290 | D:9      | Reached XP level 10. HP: 21/70 MP: 14/14
 11646 | D:9      | Reached skill level 5 in Shields
 12152 | D:9      | Noticed Prince Ribbit
 12167 | D:9      | Killed Prince Ribbit
 12567 | D:10     | Entered Level 10 of the Dungeon
 12600 | D:10     | Gained mutation: You possess an exceptional clarity of
                  | mind. [potion of mutation]
 12600 | D:10     | Gained mutation: You have large cloven feet. [potion of
                  | mutation]
 12600 | D:10     | Gained mutation: A frigid envelope surrounds you and
                  | freezes all who hurt you. [potion of mutation]
 12600 | D:10     | HP: 3/70 [poisoned by a killer bee]
 12600 | D:10     | Reached **** piety under Okawaru
 12600 | D:10     | Slain by a killer bee

Illustrated notes

Levels and vault maps discovered:
D:1:      matt_arrival_spirals, layout_loops_ring,
          shapermc_ecumenical_altar_starsandcircs
D:2:      layout_loops_ring
D:3:      layout_loops_corners, slow_altar_1, uniq_sigmund
D:4:      layout_loops_ring, temple_pool_b, minmay_increasing_density,
          uniq_grinder, uniq_crazy_yiuf_cottage, uniq_menkaure, uniq_duvessa
D:5:      layout_basic, serial_shops,
          nicolae_shop_temple_entry_statues_fountains, minmay_misc_feat_ornament
D:6:      layout_loops_ring, chequers_serial_rivers_micro_b
D:7:      layout_cave_pods, nicolae_ossuary_entry_ruins
D:8:      layout_gridville
D:9:      layout_roguey, serial_co_window_serial, co_window_of_opportunity_a,
          co_window_paths_a, co_window_paths_a, co_window_paths_a,
          co_window_paths_a, co_window_corner_a, co_window_corner_a,
          co_window_paths_a, co_window_paths_b, co_window_of_opportunity_b,
          co_window_broadway_a, co_window_corner_ca, co_window_unsneaky_path_d,
          glass_columns_c, glass_columns_b, glass_columns_a, uniq_prince_ribbit1
D:10:     layout_cave_pools, erik_lair_island, nicolae_underground_beach
Temple:   mainiacjoe_temple_starburst

Skill      XL: |  1  2  3  4  5  6  7  8  9 10 |
---------------+-------------------------------+-----
Maces & Flails | 2 3 4 5 6 7 8 9 10 | 10.6
Invocations    | 1 4 6 |  6.9
Armour         | 3 4 6 |  6.3
Shields        | 3 4 5 |  5.2
Fighting       | |  3.0

Action                   |  1- 3 |  4- 6 |  7- 9 | 10-12 || total
-------------------------+-------+-------+-------+-------++-------
Melee: Flail             |   152 |    60 |       |       ||   212
       Headbutt          |       |    16 |    46 |     5 ||    67
       Mace              |       |    15 |   338 |    37 ||   390
       Tailslap          |       |       |       |     3 ||     3
  Use: Potion            |       |     1 |       |     3 ||     4
       Scroll            |       |       |     1 |     5 ||     6
Armor: Scale mail        |    81 |    18 |     9 |       ||   108
       Chain mail        |       |       |   217 |    30 ||   247
Dodge: Dodged            |    76 |    22 |   102 |    10 ||   210
Block: Buckler           |    33 |     7 |       |       ||    40
       Kite shield       |       |    14 |   175 |    21 ||   210
